 Dungeon Crawl Stone Soup version 0.30-a0-305-g026cb31310 (webtiles) character file.

Game seed: 10528072014269531041

2465 pokeman the Thaumaturge (level 9, -8/47 HPs)
             Began as a Deep Elf Hedge Wizard on Oct 21, 2022.
             Mangled by an ogre
             ... wielding a +0 giant spiked club
              (25 damage)
             ... on level 7 of the Dungeon.
             The game lasted 00:15:03 (7804 turns).

pokeman the Thaumaturge (Deep Elf Hedge Wizard)     Turns: 7804, Time: 00:15:03

Health: -8/47      AC:  7    Str:  7    XL:     9   Next: 26%
Magic:  25/27      EV: 12    Int: 24    God:
Gold:   331        SH:  0    Dex: 14    Spells: 17/32 levels left

rFire   . . .      SeeInvis +    x - +2 dagger (venom)
rCold   . . .      Faith    .    (no shield)
rNeg    . . .      Spirit   .    a - +0 leather armour
rPois   .          Reflect  .    v - +1 helmet {SInv}
rElec   .          Harm     .    c - +0 cloak
rCorr   .          Rampage  .    (no gloves)
Will    .....                    m - +0 pair of boots
Stlth   ++........               (no amulet)
HPRegen 0.27/turn                (no ring)
MPRegen 0.20/turn                (no ring)

@: no status effects
A: no striking features
a: no special abilities


You were on level 7 of the Dungeon.
You visited 1 branch of the dungeon, and saw 7 of its levels.

You collected 331 gold pieces.

Inventory:

Hand Weapons
 x - a +2 dagger of venom (weapon)
Missiles
 r - a throwing net
Armour
 a - a +0 leather armour (worn)
 c - a +0 cloak (worn)
 m - a +0 pair of boots (worn)
 v - a +1 helmet of see invisible (worn)
Magical Staves
 n - a staff of death
Wands
 w - a wand of iceblast (11)
Scrolls
 b - a scroll of poison {unknown}
 e - a scroll of immolation {unknown}
 g - 7 scrolls of identify {unknown}
 i - 2 scrolls of summoning {unknown}
 j - 3 scrolls of enchant armour {unknown}
 k - 2 scrolls of blinking {unknown}
 l - 2 scrolls of teleportation {unknown}
 u - a scroll of fog {unknown}
Potions
 d - 3 potions of magic
 f - 5 potions of curing
 h - 3 potions of heal wounds {unknown}
 p - 2 potions of mutation {unknown}
 q - a potion of lignification {unknown}
 s - a potion of cancellation {unknown}
 t - a potion of brilliance {unknown}


   Skills:
 - Level 1.0 Fighting
 - Level 1.0 Armour
 - Level 3.0 Dodging
 - Level 3.1 Stealth
 * Level 12.0 Spellcasting
 * Level 8.6 Conjurations
 - Level 1.1 Summonings
 - Level 1.2 Necromancy
 - Level 1.1 Translocations
 - Level 1.0 Air Magic
 - Level 1.0 Poison Magic
 - Level 2.0 Evocations


You had 17 spell levels left.
You knew the following spells:

 Your Spells              Type           Power      Damage    Failure   Level
a - Magic Dart            Conj           100%       1d8       1%          1
b - Mephitic Cloud        Conj/Pois/Air  31%        N/A       4%          3
c - Call Imp              Summ           19%        N/A       6%          2
d - Blink                 Tloc           38%        N/A       6%          2
e - Orb of Destruction    Conj           27%        9d9       83%         7

Your spell library contained the following spells:

 Spells                   Type           Power      Damage    Failure   Level
 Slow                     Hex            56%        N/A       6%          1
 Cigotuvi's Dreadful Rot  Necr/Pois/Air  38%        N/A       6%          2
 Vhi's Electric Charge    Tloc/Air       38%        N/A       12%         3
 Summon Guardian Golem    Hex/Summ       17%        N/A       16%         3
 Arcjolt                  Conj/Air       18%        1d28      24%         5
 Spellforged Servitor     Conj/Summ      18%        N/A       100%        7
 Maxwell's Capacitive Co  Air            9%         ∞         100%        8


Dungeon Overview and Level Annotations

Branches:
Dungeon (7/15)
 Temple: D:4-7

Altars:
Makhleb
Zin


Message History

The manticore is engulfed in noxious fumes.
The manticore appears confused.
You feel less confused.
You kill the manticore!
Your Spellcasting skill increases to level 12!
You start resting.
Magic restored.
You start resting.
HP restored.
You open the door.
An ogre comes into view. It is wielding a +0 giant spiked club.
There is an open door here.
Casting: Mephitic Cloud (dangerous; 4% risk of failure)
Confirm with . or Enter, or press ? or * to list all spells.
Aiming: Mephitic Cloud (dangerous; 4% risk of failure)
Press: ? - help, Shift-Dir - straight line, f - ogre
Aim: an ogre, wielding a +0 giant spiked club (asleep, chance to affect: 77%)
The ball explodes into a vile cloud!
The stinking cloud engulfs the ogre but does no damage.
The ogre shouts!
The ogre is engulfed in noxious fumes.
The ogre appears confused.
Unknown command.
Found 2 boomerangs and a scroll labelled HOARAY REHEARI.
The ogre is engulfed in noxious fumes.
You hit the ogre.
The ogre is poisoned.
The ogre is lightly wounded.
The ogre is engulfed in noxious fumes.
The ogre appears confused.
The ogre hits you with a +0 giant spiked club!!
Ouch! That really hurt!
The ogre hits itself with a +0 giant spiked club!
You hit the ogre.
The ogre looks as sick as possible!
The ogre is severely wounded.
You hit the ogre.
The ogre looks as sick as possible!
The ogre is severely wounded.
An ice beast comes into view.
You hit the ogre.
The ogre looks as sick as possible!
The ogre is almost dead.
The ogre hits you with a +0 giant spiked club!!
Ouch! That really hurt!
You die...

.####...##..####....
....................
...................
...................
.###.)..####.##...
#####+####....####.#####
(.......#......#....#
........'......#....#
.......@#......#....#
.##.##.O####..##...##
#.°# ######### ....
..... ....... ........
......Y.?.


You could see an ice beast and an ogre (confused, extremely poisoned).

Vanquished Creatures
  A manticore (D:7)
  A komodo dragon (D:6)
  A water moccasin (D:6)
  3 ogres
  2 centaurs
  2 phantoms
  A bullfrog (D:6)
  3 scorpions
  3 wights (D:6)
  A howler monkey (D:6)
  3 hounds
  3 jellies (D:6)
  5 orc priests
  4 iguanas
  An orc wizard (D:6)
  6 gnolls
  7 adders
  A shadow imp (D:6)
  A white imp (D:6)
  6 worms
  2 dart slugs
  17 orcs
  2 ball pythons
  4 bats (D:3)
  6 endoplasms
  6 giant cockroaches
  2 hobgoblins
  A quokka (D:5)
  2 frilled lizards (D:2)
  5 goblins
  4 kobolds
  3 rats
109 creatures vanquished.

Vanquished Creatures (collateral kills)
  Blork the orc (D:5)
1 creature vanquished.

Grand Total: 110 creatures vanquished

Notes
Turn   | Place    | Note
-------+----------+-------------------------------------------
     0 | D:1      | pokeman the Deep Elf Hedge Wizard began the quest for the
                  | Orb.
     0 | D:1      | Reached XP level 1. HP: 10/10 MP: 7/7
   180 | D:1      | Reached XP level 2. HP: 15/16 MP: 3/9
  1383 | D:2      | You fall into a shaft and drop 1 floor!
  1893 | D:2      | Reached skill level 5 in Spellcasting
  2295 | D:2      | Reached XP level 3. HP: 16/20 MP: 2/11
  2299 | D:2      | Learned a level 3 spell: Mephitic Cloud
  2302 | D:2      | Learned a level 2 spell: Call Imp
  2305 | D:2      | Learned a level 2 spell: Blink
  2742 | D:3      | Reached skill level 1 in Fighting
  2742 | D:3      | Reached skill level 1 in Armour
  2750 | D:3      | Reached XP level 4. HP: 25/25 MP: 2/13
  3131 | D:3      | Noticed a phantom
  3142 | D:3      | Killed a phantom
  3143 | D:3      | Reached skill level 6 in Spellcasting
  3143 | D:3      | Reached XP level 5. HP: 22/29 MP: 3/15
  3607 | D:4      | Noticed an ogre
  3622 | D:4      | Reached skill level 1 in Necromancy
  3622 | D:4      | Reached skill level 1 in Air Magic
  3624 | D:4      | Killed an ogre
  3625 | D:4      | Reached skill level 7 in Spellcasting
  3625 | D:4      | Reached XP level 6. HP: 23/34 MP: 2/18
  3696 | D:4      | Reached skill level 1 in Poison Magic
  3700 | D:4      | Reached skill level 1 in Evocations
  3902 | D:4      | Found a burning altar of Makhleb.
  3902 | D:4      | Found a glowing silver altar of Zin.
  3903 | D:4      | Noticed an angel
  3903 | D:4      | Noticed a cacodemon
  4103 | D:4      | Reached XP level 7. HP: 17/38 MP: 1/20
  4112 | D:4      | Learned a level 7 spell: Orb of Destruction
  4255 | D:4      | Reached skill level 8 in Spellcasting
  4947 | D:5      | Entered Level 5 of the Dungeon
  5405 | D:5      | Reached skill level 5 in Conjurations
  5419 | D:5      | Noticed Blork the orc
  5428 | D:5      | Killed Blork the orc
  5429 | D:5      | Reached skill level 9 in Spellcasting
  5615 | D:5      | Reached XP level 8. HP: 43/43 MP: 17/23
  6004 | D:6      | Noticed a komodo dragon
  6112 | D:6      | Reached skill level 10 in Spellcasting
  6786 | D:6      | Reached skill level 11 in Spellcasting
  7454 | D:6      | Killed a komodo dragon
  7455 | D:6      | Reached XP level 9. HP: 19/47 MP: 12/26
  7601 | D:7      | Noticed a manticore
  7619 | D:7      | HP: 1/47 [manticore (4)]
  7621 | D:7      | Killed a manticore
  7622 | D:7      | Reached skill level 12 in Spellcasting
  7804 | D:7      | Mangled by an ogre

Illustrated notes

Levels and vault maps discovered:
D:1:      dpeg_arrival_boxorama, layout_basic, minmay_tetromino_l4
D:2:      layout_loops_ring
D:3:      layout_rooms
D:4:      layout_basic, grunt_temple_overflow_order_and_chaos_2,
          minmay_splitting_lines
D:5:      layout_rooms, uniq_blork_the_orc
D:6:      layout_basic
D:7:      layout_gridville, elyvilon_altar_1, minmay_temple_entry_gardened_gates

Skill      XL: |  1  2  3  4  5  6  7  8  9 |
---------------+----------------------------+-----
Spellcasting   | 5 6 7 9 11 12 | 12.0
Fighting       | 1 |  1.0
Armour         | 1 |  1.0
Conjurations   | 2 3 5 8 |  8.6
Dodging        | 3 |  3.0
Stealth        | 3 |  3.1
Necromancy     | 1 |  1.2
Air Magic      | 1 |  1.0
Poison Magic   | 1 |  1.0
Evocations     | 2 |  2.0
Summonings     | |  1.1
Translocations | |  1.1

Action                   |  1- 3 |  4- 6 |  7- 9 || total
-------------------------+-------+-------+-------++-------
Melee: Dagger            |    15 |       |    11 ||    26
       Punch             |     1 |       |     2 ||     3
       Falchion          |    15 |     1 |       ||    16
       Flail             |       |    33 |    44 ||    77
 Cast: Magic Dart        |   100 |    91 |   192 ||   383
       Mephitic Cloud    |     2 |    11 |    21 ||    34
       Call Imp          |       |     1 |     8 ||     9
 Stab: Sleeping          |     1 |       |     1 ||     2
       Confused          |       |     3 |     7 ||    10
Armor: Robe              |     5 |       |       ||     5
       Leather armour    |     3 |    21 |    10 ||    34
Dodge: Dodged            |    23 |    37 |    55 ||   115

Table legend: (Time is in decaauts)
 A = Elapsed time spent in this place.
 B = Non-inter-level travel time spent in this place.
 C = Inter-level travel time spent in this place.
 D = Time resting spent in this place.
 E = Time spent auto-exploring this place.
 F = Levels seen in this place.
 G = Mean time per level.
                   A        B        C        D        E       F      G
               +--------+--------+--------+--------+--------+-----+--------+
         Total |   7838 |   7496 |    342 |    868 |   5372 |   7 | 1119.7 |
       Dungeon |   7838 |   7496 |    342 |    868 |   5372 |   7 | 1119.7 |
               +--------+--------+--------+--------+--------+-----+--------+

Top non-repeatable levels by time:
     D:6: 1667 daAuts
     D:4: 1513 daAuts
     D:2: 1394 daAuts
     D:1: 1083 daAuts
     D:3: 976 daAuts
     D:5: 944 daAuts
     D:7: 259 daAuts
